[Event "Elite Hotels Open 2024"]
[Site "Elite Stadshotellet, Kungsgatan 6, Vaxjo, Sweden"]
[Date "2024.02.11"]
[Round "8.13"]
[White "Bjorkman, Filip"]
[Black "Silseth, Simon"]
[Result "1/2-1/2"]
[TimeControl "15 minutes + 5 seconds per move from move one (Round 1 - 4) / 90 minutes + 30 seconds per move from move one (Round 5 - 8)"]
[BlackTitle "FM"]
[WhiteFideId "1734970"]
[BlackFideId "1702440"]
[WhiteElo "2046"]
[BlackElo "2228"]

1. e4 c6 2. d4 d5 3. e5 Bf5 4. h4 h5 5. Bd3 Bxd3 6. Qxd3 e6 7. Bg5 Qb6 8. Nd2 c5 9. c4 Nc6 10.
Ne2 cxd4 11. cxd5 Nb4 12. Qb3 Nxd5 13. Qa4+ Qc6 14. Qxc6+ bxc6 15. Nxd4 Bc5 16. N4b3 Bb4 17. Ke2 f6 18.
Be3 Bxd2 19. Nxd2 Nge7 20. Rac1 O-O 21. Nf3 Nf5 22. Bd2 Rfc8 23. g3 Kf7 24. Rc5 Rab8 25. b3 Rb5 26. Rhc1 Rxc5 27.
Rxc5 Rc7 28. Bc1 Nb6 29. Bb2 Nd7 30. Ra5 c5 31. exf6 gxf6 32. Nd2 e5 33. Kd3 Nd4 34. Ne4 f5 35.
Nd6+ Ke6 36. Nc4 Nc6 37. Ra6 Nb6 38. Ba3 e4+ 39. Ke3 Nb8 40. Ra5 Nd5+ 41. Kd2 Nd7 42. Bb2 Nb4 43. Bc3 Nc6 44.
Ra6 Ndb8 45. Ra4 Rd7+ 46. Ke2 a6 47. Na5 Nd4+ 48. Bxd4 cxd4 49. Rb4 d3+ 50. Kd2 Rd8 51. Rb6+ Kf7 52.
Nc4 Nd7 53. Rxa6 Nf6 54. Nd6+ Kf8 55. Nb7 e3+ 56. fxe3 Ne4+ 57. Kd1 Nf2+ 58. Kd2 Ne4+ 1/2-1/2

[Event "Elite Hotels Open 2024"]
[Site "Elite Stadshotellet, Kungsgatan 6, Vaxjo, Sweden"]
[Date "2024.02.11"]
[Round "8.14"]
[White "Svensson, Mikael"]
[Black "Falkevall, Axel"]
[Result "0-1"]
[TimeControl "15 minutes + 5 seconds per move from move one (Round 1 - 4) / 90 minutes + 30 seconds per move from move one (Round 5 - 8)"]
[BlackTitle "FM"]
[WhiteFideId "1716433"]
[BlackFideId "1735560"]
[WhiteElo "2057"]
[BlackElo "2290"]

1. d4 Nf6 2. Nf3 g6 3. Bg5 Bg7 4. c3 O-O 5. Nbd2 h6 6. Bh4 d6 7. e4 Qe8 8. Qc2 e5 9. dxe5 dxe5 10.
Bc4 b6 11. O-O Bb7 12. Rfe1 Nbd7 13. b4 Nh5 14. a4 a6 15. Rad1 Kh8 16. Qb3 f5 17. exf5 gxf5 18. Be6 Nf4 19.
Bxd7 Qxd7 20. Nxe5 Bxe5 21. Rxe5 Qg7 0-1

[Event "Elite Hotels Open 2024"]
[Site "Elite Stadshotellet, Kungsgatan 6, Vaxjo, Sweden"]
[Date "2024.02.11"]
[Round "8.15"]
[White "Eklund, Joel"]
[Black "Lilliehook, Victor"]
[Result "1-0"]
[TimeControl "15 minutes + 5 seconds per move from move one (Round 1 - 4) / 90 minutes + 30 seconds per move from move one (Round 5 - 8)"]
[WhiteFideId "1705288"]
[BlackFideId "1752103"]
[WhiteElo "2258"]
[BlackElo "2042"]

1. c4 e6 2. g3 Nf6 3. Bg2 d5 4. Nf3 dxc4 5. Na3 Bxa3 6. bxa3 O-O 7. Bb2 Nbd7 8. Rc1 c5 9. O-O Qc7 10.
a4 b6 11. Rxc4 Ba6 12. Rc2 Rac8 13. d3 Nd5 14. Qa1 f6 15. Ba3 Rfe8 16. Qb2 Qc6 17. Nd4 Qd6 18. Nb5 Bxb5 19. axb5 Qe5 20.
Qb3 Rc7 21. Rc4 Qxe2 22. Re4 Qh5 23. Rxe6 Rxe6 24. Bxd5 Nf8 25. Bxe6+ Nxe6 26. Qxe6+ Qf7 27. Qxf7+ Kxf7 28. Rd1 Rd7 29. Bb2 a6 30. a4 axb5 31.
axb5 c4 32. Kf1 cxd3 33. Bc3 Rd5 34. Rb1 g5 35. Ke1 g4 36. Kd2 Ke6 37. Rb4 h5 38. Bd4 Rd6 39. Kxd3 Kd7 40. Ke4 1-0

[Event "Elite Hotels Open 2024"]
[Site "Elite Stadshotellet, Kungsgatan 6, Vaxjo, Sweden"]
[Date "2024.02.11"]
[Round "8.16"]
[White "Eriksson, Kristian"]
[Black "Sevastianov, Andrii"]
[Result "1/2-1/2"]
[TimeControl "15 minutes + 5 seconds per move from move one (Round 1 - 4) / 90 minutes + 30 seconds per move from move one (Round 5 - 8)"]
[WhiteFideId "1705172"]
[BlackFideId "1730240"]
[WhiteElo "2035"]
[BlackElo "2164"]

1. e4 e6 2. d4 d5 3. Nc3 Nf6 4. e5 Nfd7 5. Nf3 c5 6. dxc5 Bxc5 7. Bd3 Nc6 8. Bf4 Qb6 9. O-O a6 10.
a3 Be7 11. b4 f6 12. Na4 Qd8 13. exf6 Bxf6 14. Ng5 Nf8 15. Rb1 Bxg5 16. Qh5+ g6 17. Qxg5 Qxg5 18. Bxg5 b5 19. Nc5 Kf7 20.
f4 Nd7 21. Nxe6 Kxe6 22. f5+ gxf5 23. Rxf5 Kd6 24. Re1 Nde5 25. Rf6+ Be6 26. Bf4 Raf8 27. Rxf8 Rxf8 28. Bg3 Rf7 29.
a4 Bf5 30. axb5 Bxd3 31. cxd3 axb5 32. d4 Nxb4 33. Bxe5+ Ke6 34. Bg3+ Ke5 1/2-1/2